 Dungeon Crawl Stone Soup version 0.26-a0-52-gd53d4cd (webtiles) character file.

Game seed: 11790797341633007860

80 thirtiethelement the Skirmisher (level 4, 0/37 HPs)
             Began as a Demonspawn Abyssal Knight on June 6, 2020.
             Was a Follower of Lugonu.
             Slain by Sigmund
             ... wielding a +0 scythe
              (1 damage)
             ... on level 2 of the Dungeon.
             The game lasted 00:03:58 (1626 turns).

thirtiethelement the Skirmisher (DsAK)              Turns: 1626, Time: 00:03:59

Health: 0/37       AC:  6    Str: 13    XL:     4   Next: 18%
Magic:  0/5        EV: 11    Int: 13    God:    Lugonu [*.....]
Gold:   96         SH:  0    Dex: 13    Spells: 3/3 levels left

rFire    . . .     SeeInvis .   d - +0 great sword
rCold    . . .     Gourm    .   (shield currently unavailable)
rNeg     . . .     Faith    .   b - +1 leather armour
rPois    .         Spirit   +   g - +2 hat
rElec    .         Reflect  .   (no cloak)
rCorr    .         Harm     .   (no gloves)
MR       .....                  (no boots)
Stlth    +.........             i - amulet of guardian spirit
HPRegen  0.12/turn              (no ring)
MPRegen  0.09/turn              (no ring)

@: mighty
A: claws 1, blurry vision 1, magic shield
a: Depart the Abyss, Renounce Religion


You were on level 2 of the Dungeon.
You worshipped Lugonu.
Lugonu was aware of your devotion.
You were hungry.

You visited 1 branch of the dungeon, and saw 2 of its levels.
You visited the Abyss 1 time.

You collected 96 gold pieces.

Inventory:

Hand Weapons
 a - a +1 falchion
 d - a +0 great sword (weapon)
Armour
 b - a +1 leather armour (worn)
 g - a +2 hat (worn)
Jewellery
 i - an amulet of guardian spirit (around neck)
Wands
 j - a wand of polymorph (5)
Comestibles
 c - 4 rations
 k - 6 chunks of flesh


   Skills:
 + Level 3.6 Fighting
 + Level 3.0 Long Blades
 + Level 2.3 Armour
 + Level 1.1 Dodging
 + Level 2.5 Invocations


You had 3 spell levels left.
You didn't know any spells.
Your spell library was empty.

Dungeon Overview and Level Annotations

Branches:
Dungeon (2/15)

Altars:

Annotations:
D:2 Sigmund


Innate Abilities, Weirdness & Mutations

You have sharp fingernails.
When hurt, damage is shared between your health and your magic reserves.
Scrolls take you a little longer to read.


Message History

You barely miss something. Something hits you but does no damage.
You slash something! Something hits you but does no damage.
You barely miss something.
You hear some strange, mumbled words.
A puff of flame appears from out of thin air!
The puff of flame misses you. Something hits you but does no damage.
Your magical contamination has completely faded away.
Some of the chunks of flesh in your inventory have rotted away.
You closely miss something. Something hits you.
You closely miss something. Something hits you.
You miss something. Something hits you!
* * * LOW HITPOINT WARNING * * *
You miss something. Something hits you.
* * * LOW HITPOINT WARNING * * *
You closely miss something. Something hits you!
* * * LOW HITPOINT WARNING * * *
It was a potion of might.
You feel very mighty all of a sudden. Something hits you.
You die...

*,,,,,*,,,*,,,*,*
*,,,,,+*******+,*
*,,,,,,,,* *,,,,* ****
*,,,,,,,,* ***,,* *,,*
**,,,,,,,,* **,#*
,,,***,,,,,,,,,* *,.#
,,,,,,,,,,,,,,,####.#*
,,,,***,,,,,,,,#.{..#
,,,** ***,***###@####
,,,* ***,,* #...# **,*
*,,,** #.###
**,***,*** ###.#
.#..##.* #...#
.....#.* #.###
..#*...## #.#
^.###...####.#
..##....##...#


There were no monsters in sight!

Vanquished Creatures
  Terence (D:2)
  An adder (D:2)
  An ooze (D:2)
  A leopard gecko (D:1)
  4 giant cockroaches
  7 goblins
  2 hobgoblins
  3 jackals (D:1)
  5 bats
  2 frilled lizards
  6 kobolds
  6 rats
39 creatures vanquished.

Notes
Turn   | Place    | Note
-------+----------+-------------------------------------------
     0 | Abyss:1  | thirtiethelement the Demonspawn Abyssal Knight began the
                  | quest for the Orb.
     0 | Abyss:1  | Reached XP level 1. HP: 18/18 MP: 2/2
    22 | Abyss:1  | Found a corrupted altar of Lugonu.
    43 | Abyss:2  | Gained mutation: Scrolls take you a little longer to read.
                  | [mutagenic glow]
    46 | Abyss:2  | Noticed a worldbinder
    59 | Abyss:2  | Noticed an insubstantial wisp
    61 | Abyss:2  | Noticed a swamp drake
    65 | Abyss:2  | Noticed a vampire mosquito
    65 | Abyss:2  | Noticed a vampire mosquito
    65 | Abyss:2  | Noticed a vampire mosquito
    67 | Abyss:2  | Noticed a small abomination
    68 | D:1      | Escaped the Abyss
   450 | D:1      | Gained mutation: When hurt, damage is shared between your
                  | health and your magic reserves. [demonic ancestry]
   450 | D:1      | Reached XP level 2. HP: 21/24 MP: 3/3
   719 | D:1      | Reached * piety under Lugonu
  1177 | D:2      | Reached skill level 1 in Dodging
  1180 | D:2      | Reached XP level 3. HP: 25/29 MP: 4/4
  1453 | D:2      | Noticed Terence
  1465 | D:2      | Killed Terence
  1465 | D:2      | Gained mutation: You have sharp fingernails. [demonic
                  | ancestry]
  1465 | D:2      | Reached XP level 4. HP: 29/37 MP: 2/5
  1596 | D:2      | Noticed Sigmund
  1625 | D:2      | HP: 1/37 [something (7)]
  1626 | D:2      | Slain by Sigmund

Illustrated notes

Levels and vault maps discovered:
D:1:      shiori_arrival_oz, layout_basic, corexii_corridor_pit,
          dk_noncrumbling_4
D:2:      layout_rooms, nicolae_ru_great_annihilating_truth, uniq_sigmund,
          uniq_terence

Skill      XL: |  1  2  3  4 |
---------------+-------------+-----
Long Blades    | 2 3 |  3.0
Armour         | 2 |  2.3
Dodging        | 1 |  1.1
Fighting       | |  3.6
Invocations    | |  2.5

Action                   |  1- 3 |  4- 6 || total
-------------------------+-------+-------++-------
Melee: Great sword       |    95 |    20 ||   115
Invok: Depart the Abyss  |     1 |       ||     1
  Use: Scroll            |     3 |     2 ||     5
       Potion            |       |     2 ||     2
 Stab: Sleeping          |     1 |       ||     1
  Eat: Chunk             |     2 |       ||     2
Armor: Leather armour    |    55 |     7 ||    62
       Skin              |    22 |       ||    22
Dodge: Dodged            |    77 |     9 ||    86
       Rpst.: Great sword |    29 |     2 ||    31

Table legend:
 A = Non-vault XP
 B = Vault XP
 C = Vault XP percentage of total XP
 D = Non-vault monster count
 E = Vault monster count
 F = Vault count percentage of total count
                 A         B        C        D         E       F
            +---------+---------+-------+---------+---------+-------
      Total |      77 |      38 |  33.0 |      37 |       2 |   5.1
            +---------+---------+-------+---------+---------+-------
        D:1 |      35 |       2 |   5.4 |      21 |       1 |   4.5
        D:2 |      42 |      36 |  46.2 |      16 |       1 |   5.9
            +---------+---------+-------+---------+---------+-------
